 Dungeon Sprint DCSS version 0.31-a0-4-gefa6de2278 (webtiles) character file.

Game seed: 13331125211830744672

129 sircluck the Ruffian (level 4, -3/45 HPs)
             Began as a Troll Gladiator on May 4, 2023.
             Was an Initiate of Trog.
             Killed from afar by an orc wizard (7 damage)
             ... with a puff of flame
             ... in the Dungeon (Sprint IX: "|||||||||||||||||||||||||||||").
             The game lasted 00:01:09 (215 turns).

sircluck the Ruffian (Troll Gladiator)               Turns: 215, Time: 00:01:10

Health: -3/45      AC:  4    Str: 24    XL:     4   Next: 88%
Magic:  3/3        EV: 11    Int:  4    God:    Trog [......]
Gold:   0          SH:  0    Dex: 11    Spells: 3/3 levels left

rFire   . .          .
                       - Unarmed
rCold   . . .        (no shield)
rNeg    . . .        a - +0 robe
rPois   .            b - +0 hat
rElec   .            (no cloak)
rCorr   .            (gloves unavailable)
SInv    .            (boots unavailable)
Will    .....        (no amulet)
Stlth   +            (no ring)
HPRegen 1.07/turn    (no ring)
MPRegen 0.08/turn

%: no teleportation
@: no status effects
A: large, unfitting armour, claws 3, regeneration 1, shaggy fur 1, tough skin 1
a: Renounce Religion


You were in the Dungeon.
You worshipped Trog.
Trog was noncommittal.
You visited 1 branch

Inventory:

Missiles
 c - 3 throwing nets (quivered)
 d - a large rock
Armour
 a - a +0 robe (worn)
 b - a +0 hat (worn)
Jewellery
 m - a +2 ring of protection
 n - a +3 ring of dexterity
Wands
 l - a wand of roots (10)
Scrolls
 j - a scroll of blinking
Potions
 e - 5 potions of curing
 f - 2 potions of heal wounds
 g - a potion of haste
 h - 4 potions of magic
 i - a potion of berserk rage
 k - a potion of invisibility


   Skills:
 + Level 3.0 Fighting
 + Level 3.0 Throwing
 + Level 5.4 Dodging
 + Level 7.1 Unarmed Combat


You had 3 spell levels left.
You didn't know any spells.
Your spell library was empty.

Dungeon Overview and Level Annotations

Branches:
Dungeon (1/1)

Altars:
Cheibriados
Dithmenos
Elyvilon
Fedhas
Gozag
Hepliaklqana
Kikubaaqudgha
Makhleb
Nemelex Xobeh
Okawaru
Qazlal
Ru
Sif Muna
Trog
Uskayaw
Vehumet
Wu Jian
Xom
Yredelemnul
Zin
The Shining One
Jiyva
Lugonu


Innate Abilities, Weirdness & Mutations

You are too large for most types of armour.
You have claws for hands.
Your natural rate of healing is unusually fast.
You are covered in fur. (AC +1)
You have tough skin. (AC +1)


Message History

You see here an iguana corpse.
There is an open door, spattered with blood here.
Things that are here:
a +0 dagger; a +0 leather armour; an orc corpse
Items here: )) ††.
There is an open door to the Dungeon here.
Things that are here:
a scorpion corpse; a hound corpse
There is a staircase leading out of the dungeon here.
Things that are here:
a scorpion corpse; a hound corpse The gargoyle hits you with a +0 mace!!
You scratch the gargoyle but do no damage.
The gargoyle is lightly damaged.
The gargoyle hits you with a +0 mace!
* * * LOW HITPOINT WARNING * * *
The orc warrior hits you from afar with a +0 trident.
* * * LOW HITPOINT WARNING * * *
You barely miss the gargoyle. You claw the gargoyle.
The gargoyle is lightly damaged.
The gargoyle hurls a stone arrow at you.
The stone arrow misses you.
The orc warrior hits you from afar with a +0 trident!
* * * LOW HITPOINT WARNING * * *
You feel much better.
The orc warrior hits you from afar with a +0 trident!
The orc wizard gestures wildly while chanting.
The orc wizard flickers and vanishes!
The gargoyle hurls a stone arrow at you.
The stone arrow hits you!
* * * LOW HITPOINT WARNING * * *
Blink to where?
Press: ? - help, Q - select action, (/) - cycle Dir - move target
As you read the scroll of blinking, it crumbles to dust.
Something hits you.
* * * LOW HITPOINT WARNING * * *
You hear some strange, mumbled words.
A puff of flame appears from out of thin air!
The puff of flame hits you!
You die...

▓_▓
▓_▓
▓'▓
▓.▓
▓.▓
▓.▓
▓.▓
▓†▓
▓@▓
▓.▓
▓{▓
▓O▓
▓D▓
▓)▓
▓o▓
▓9▓
▓§▓


You could see a two-headed ogre, an orc warrior, an acid dragon and a gargoyle.

Vanquished Creatures
  A scorpion (D)
  A hound (D)
  An iguana (D)
  A shadow imp (D)
  An orc (D)
  2 goblins (D)
  A hobgoblin (D)
  A frilled lizard (D)
  A rat (D)
10 creatures vanquished.

Notes
Turn   | Place    | Note
-------+----------+-------------------------------------------
     0 | D        | sircluck the Troll Gladiator began the quest for the Orb.
     0 | D        | Reached XP level 1. HP: 19/19 MP: 0/0
    19 | D        | Noticed a scorpion
    19 | D        | Noticed a hound
    19 | D        | Noticed an iguana
    26 | D        | Killed an iguana
    27 | D        | Reached skill level 5 in Unarmed Combat
    27 | D        | Reached XP level 2. HP: 9/28 MP: 1/1
    27 | D        | Reached XP level 3. HP: 11/35 MP: 2/2
    46 | D        | Reached skill level 6 in Unarmed Combat
    46 | D        | Reached XP level 4. HP: 22/44 MP: 3/3
    51 | D        | Killed a scorpion
    52 | D        | Reached skill level 5 in Dodging
    52 | D        | Reached skill level 7 in Unarmed Combat
    67 | D        | Found a snail-covered altar of Cheibriados.
    67 | D        | Found a shadowy altar of Dithmenos.
    67 | D        | Found a white marble altar of Elyvilon.
    67 | D        | Found a blossoming altar of Fedhas.
    67 | D        | Found an opulent altar of Gozag.
    68 | D        | Found a hazy altar of Hepliaklqana.
    69 | D        | Found a viscous altar of Jiyva.
    70 | D        | Found an ancient bone altar of Kikubaaqudgha.
    71 | D        | Found a corrupted altar of Lugonu.
    72 | D        | Found a burning altar of Makhleb.
    73 | D        | Found a sparkling altar of Nemelex Xobeh.
    74 | D        | Found an iron altar of Okawaru.
    75 | D        | Found a stormy altar of Qazlal.
    76 | D        | Found a sacrificial altar of Ru.
    77 | D        | Found a shimmering blue altar of Sif Muna.
    78 | D        | Found a bloodstained altar of Trog.
    79 | D        | Found a hide-covered altar of Uskayaw.
    80 | D        | Found a radiant altar of Vehumet.
    81 | D        | Found an ornate altar of the Wu Jian Council.
    82 | D        | Found a shimmering altar of Xom.
    83 | D        | Found a basalt altar of Yredelemnul.
    84 | D        | Found a glowing silver altar of Zin.
    85 | D        | Found a glowing golden altar of the Shining One.
   133 | D        | Became a worshipper of Trog the Wrathful
   156 | D        | Noticed a two-headed ogre
   156 | D        | Noticed an acid dragon
   156 | D        | Noticed an orc warrior
   156 | D        | Noticed a gargoyle
   212 | D        | HP: 1/45 [orc warrior/+0 trident (10)]
   215 | D        | Killed from afar by an orc wizard

Illustrated notes

Levels and vault maps discovered:
D:        linesprint [early_d, line_temple, items_1, d_10, items_2, lair_1,
          lair_end, items_3, orc_1, orc_end, items_4, d_15, swamp_1, shoals_1,
          snake_1, spider_1, d_20, vaults_1, items_5, swamp_end, shoals_end,
          snake_end, spider_end, vaults_end, d_27, items_6, zot_1, zot_end,
          crypt_end, forest_end, elf_end, slime_end, tomb_end, abyss_end,
          pan_hell_end]

Skill      XL: |  1  2  3  4 |
---------------+-------------+-----
Throwing       | 2 3 |  3.0
Dodging        | 4 5 |  5.4
Fighting       | 2 3 |  3.0
Unarmed Combat | 5 6 7 |  7.1

Action                     |  1- 3 |  4- 6 || total
---------------------------+-------+-------++-------
  Melee: Unarmed           |    22 |    10 ||    32
         Punch             |     1 |     2 ||     3
    Use: Scroll            |       |     1 ||     1
         Potion            |       |     1 ||     1
 Armour: Robe              |     3 |       ||     3
  Dodge: Dodged            |     4 |    10 ||    14

Table legend: (Time is in decaauts)
 A = Elapsed time spent in this place.
 B = Non-inter-level travel time spent in this place.
 C = Inter-level travel time spent in this place.
 D = Time resting spent in this place.
 E = Time spent auto-exploring this place.
 F = Levels seen in this place.
 G = Mean time per level.
                   A        B        C        D        E       F      G
               +--------+--------+--------+--------+--------+-----+--------+
         Total |    212 |    212 |      0 |      0 |     16 |   1 |  212.0 |
       Dungeon |    212 |    212 |      0 |      0 |     16 |   1 |  212.0 |
               +--------+--------+--------+--------+--------+-----+--------+

Top non-repeatable levels by time:
       D: 212 daAuts
